 Dungeon Crawl Stone Soup version 0.16.2-12-gd0ad4c3 (webtiles) character file.

37 faibistes the Magician (level 3, -2/19 HPs)
             Began as a Deep Elf Wizard on Dec 2, 2017.
             Slain by Ijyb
             ... wielding a +0 dagger
              (9 damage)
             ... on level 1 of the Dungeon.
             The game lasted 00:04:40 (2103 turns).

faibistes the Magician (Deep Elf Wizard)            Turns: 2103, Time: 00:04:40

Health: -2/19      AC:  2    Str:  4    XL:     3   Next: 21%
Magic:  12/14      EV: 12    Int: 23    God:
Gold:   58         SH:  0    Dex: 13    Spells: 5 memorised, 1 level left

rFire  + . .     SeeInvis .     r - +2 dagger (freeze)
rCold  . . .     Clarity  .     a - +0 robe
rNeg   . . .     SustAb   +     (no shield)
rPois  .         Gourm    .     b - +0 hat
rElec  .         Spirit   .     (no cloak)
rCorr  .         Warding  .     (no gloves)
rMut   .         Stasis   .     (no boots)
MR     .....                    (no amulet)
Stlth  ++........               p - ring of sustain abilities
                                f - ring of protection from fire

@: not resistant to hostile enchantments, unstealthy
A: no striking features
a: no special abilities


You were on level 1 of the Dungeon.
You were hungry.

You visited 1 branch of the dungeon, and saw 2 of its levels.

You collected 58 gold pieces.

Inventory:

Hand weapons
 k - a +0 dagger
 r - a +2 dagger of freezing (weapon)
Armour
 a - a +0 robe (worn)
 b - a +0 hat (worn)
Jewellery
 f - a ring of protection from fire (left hand)
 p - a ring of sustain abilities (right hand)
Scrolls
 e - a scroll of identify {unknown}
 g - a scroll of recharging {unknown}
 h - a scroll of blinking {unknown}
 o - a scroll of amnesia {unknown}
 q - a scroll of magic mapping {unknown}
Potions
 l - a potion of resistance {unknown}
 m - a potion of agility {unknown}
 n - a potion of brilliance {unknown}
 s - a potion of curing {unknown}
Books
 c - a book of Minor Magic

   Spells                             Type                      Level
   a - Magic Dart                     Conjuration                  1
   b - Blink                          Translocation                2
   c - Call Imp                       Summoning                    2
   d - Repel Missiles                 Charms/Air                   2
   e - Slow                           Hexes                        2
   f - Conjure Flame                  Conjuration/Fire             3
   g - Mephitic Cloud                 Conjuration/Poison/Air       3
Comestibles
 d - 2 bread rations
 j - 2 meat rations


   Skills:
 + Level 2.5 Dodging
 - Level 2.4 Stealth
 * Level 5.1 Spellcasting
 * Level 2.6 Conjurations
 - Level 1.1 Summonings
 - Level 1.1 Translocations


You had one spell level left.
You knew the following spells:

 Your Spells              Type           Power        Failure   Level  Hunger
a - Magic Dart            Conj           ###.         3%          1    None
b - Conjure Flame         Conj/Fire      ##......     17%         3    ##.....
c - Call Imp              Summ           ##......     12%         2    None
d - Blink                 Tloc           N/A          12%         2    None
e - Mephitic Cloud        Conj/Pois/Air  ##......     21%         3    ##.....


Dungeon Overview and Level Annotations

Branches:
Dungeon (2/15)

Altars:
Ashenzari

Annotations:
D:1 Ijyb


Message History

Unknown command.
Casting: Magic Dart
Confirm with . or Enter, or press ? or * to list all spells.
Aiming: Mephitic Cloud
Press: ? - help, Shift-Dir - straight line That beam is likely to hit you.
Continue anyway?
Okay, then.
Okay, then.
Unknown command.
Casting: Mephitic Cloud
Confirm with . or Enter, or press ? or * to list all spells.
A shadowy apparition takes form in the air.
Ijyb hits you with a dagger.
You hit Ijyb. You freeze Ijyb.
Ijyb is severely wounded.
Ijyb barely misses you.
You barely miss Ijyb.
Ijyb is severely wounded.
Ijyb hits you with a dagger!
You die...

############### #.............#
#.###########.# ##### #.# #.#
#.... #.#
######5###########....
###.######....@g...............
#........#.###..###########....
#........#.###..# #....
#...........##..# ##########
#........#..##..# #.....(...
#........#..#...# #.....####
#........#..#..## #.....#
#....##.....#.(#######.....#
#######.###.#..............#


You could see Ijyb and a friendly shadow imp.

Vanquished Creatures
  A giant gecko (D:2)
  An ooze (D:1)
  2 ball pythons (D:1)
  A giant cockroach (D:2)
  A hobgoblin (D:1)
  2 jackals (D:1)
  4 kobolds (D:1)
  A quokka (D:2)
  4 bats
  8 goblins
  5 rats
30 creatures vanquished.

Vanquished Creatures (collateral kills)
  2 jackals (D:1)
2 creatures vanquished.

Grand Total: 32 creatures vanquished

Notes
Turn   | Place    | Note
--------------------------------------------------------------
     0 | D:1      | faibistes, the Deep Elf Wizard, began the quest for the Orb.
     0 | D:1      | Reached XP level 1. HP: 10/10 MP: 6/6
   484 | D:1      | Reached XP level 2. HP: 15/15 MP: 5/10
   490 | D:1      | Learned a level 2 spell: Blink
   494 | D:1      | Learned a level 2 spell: Call Imp
   654 | D:1      | Found a shattered altar of Ashenzari.
  1435 | D:2      | Reached skill level 5 in Spellcasting
  1533 | D:2      | Reached XP level 3. HP: 12/19 MP: 1/14
  1544 | D:2      | Learned a level 3 spell: Conjure Flame
  1548 | D:2      | Learned a level 3 spell: Mephitic Cloud
  1754 | D:2      | Noticed Ijyb
  2103 | D:1      | Slain by Ijyb

Action                   || total
-------------------------++-------
Melee: Dagger            ||    31
 Cast: Magic Dart        ||    66
       Call Imp          ||     4
       Mephitic Cloud    ||     2
       Conjure Flame     ||     1
  Eat: Chunk             ||     3
